 Dungeon Crawl Stone Soup version 0.29-a0-243-g602b31c20e (webtiles) character file.

Game seed: 3548803651077200255

185 spaghetti the Skirmisher (level 5, -2/53 (62) HPs)
             Began as an Ogre Chaos Knight on Mar 4, 2022.
             Was a Plaything of Xom.
             Slain by a water moccasin (4 damage)
             ... summoned by Xom
             ... on level 4 of the Dungeon.
             The game lasted 00:05:32 (3471 turns).

spaghetti the Skirmisher (Ogre Chaos Knight)        Turns: 3471, Time: 00:05:33

HP:   -2/53 (62)    AC:  6    Str: 18      XL:     5   Next: 64%
MP:   9/9           EV:  9    Int: 13      God:    Xom [......]
Gold: 82            SH:  0    Dex:  7 (8)  Spells: 6/10 levels left

rFire   . . .      SeeInvis .   g - +4 dagger (speed) {short}
rCold   . . .      Faith    .   (no shield)
rNeg    . . .      Spirit   .   b - +2 robe
rPois   .          Reflect  .   (helmet restricted)
rElec   .          Harm     .   k - +0 cloak
rCorr   .          Rampage  .   (gloves unavailable)
Will    .....                   (boots unavailable)
Stlth   +.........              j - amulet of magic regeneration {@e2}
HPRegen 0.17/turn               (no ring)
MPRegen 0.51/turn               (no ring)

@: lethally poisoned (-2 -> -24), heavily drained, unable to read
A: large, unfitting armour, tough skin 1, deterioration 1, inability to read
while threatened
a: Renounce Religion


You were on level 4 of the Dungeon.
You worshipped Xom.
You were a very special plaything of Xom.
You visited 1 branch of the dungeon, and saw 4 of its levels.

You collected 82 gold pieces.


Innate Abilities, Weirdness & Mutations

You are too large for most types of armour.
You have tough skin. (AC +1)
Your body sometimes deteriorates upon taking damage.
You sometimes lose the ability to read scrolls when taking damage.


   Skills:
 - Level 7.0 Fighting
 - Level 2.6 Maces & Flails
 - Level 2.1 Dodging
 - Level 3.0 Spellcasting
 + Level 0.5 Necromancy


You had 6 spell levels left.
You knew the following spells:

 Your Spells              Type           Power      Damage    Failure   Level
a - Animate Dead          Necr           1%         N/A       88%         4

Your spell library contained the following spells:

 Spells                   Type           Power      Damage    Failure   Level
 Haunt                    Necr/Summ      1%         N/A       100%        7
 Infestation              Necr           1%         N/A       100%        8

Inventory:

Hand Weapons
 a - a +0 mace of chaos {mace}
 g - a +4 dagger of speed (weapon) {short}
   (You took it off a kobold on level 1 of the Dungeon)
Missiles
 d - 19 stones (quivered) {throwing}
Armour
 b - a +2 robe (worn)
 k - a +0 cloak (worn)
   (You found it on level 4 of the Dungeon)
Jewellery
 j - an amulet of magic regeneration (around neck) {@e2}
   (You found it on level 1 of the Dungeon)
 l - a ring of fire
   (You found it on level 2 of the Dungeon)
Scrolls
 e - a scroll of noise {!r}
 i - a scroll of immolation {!r!r}
Potions
 c - 2 potions of attraction {!q}

Dungeon Overview and Level Annotations

Branches:
Dungeon (4/15)
 Temple: D:4-7

Altars:

Annotations:
D:3 Natasha

#.. #... #... #..(
#####
#...####K.S#####
#....##.S#.....#
[.##.$..#S.###W...#
........JW## #SS..#
..###...#####@Sg.#
.........§..^§oo.§#
...####....##o.og.#
. ##.........§#
##.##......#
##...##.§...####
##.....#§§...§...
#...........K....
#.........#.§......


You could see a phantom, a water moccasin (summoned), 2 orc priests, an orc
wizard (summoned), an adder (summoned), an orc (summoned), 2 goblins, 2 ball
pythons and a kobold.


Message History

The adder bites you but does no damage. The adder bites you.
The ball python bites you but does no damage. 😮 HP[-1]
You take 1 damage, and now have 44/62 hp.
The adder bites you but does no damage. The adder closely misses you.
Xom's malign attention turns to you for a moment.
You feel drained.
The adder bites you but does no damage. 😕 HP[+1]
You now have 53 max hp (-9).
The adder bites you.
You are poisoned.
The adder poisons you! 😕 HP[-3]
You take 3 damage, and now have 42/53 hp.
You feel sick. The adder barely misses you. 😕 HP[-2]
You take 2 damage, and now have 40/53 hp.
You feel sick. 😮 HP[-1]
You take 1 damage, and now have 39/53 hp.
You aren't carrying any items that you can evoke.
Unknown command.
Okay, then.
Okay, then.
You aren't carrying any items that you can evoke.
Okay, then.
Okay, then.
You feel sick. The adder bites you. 😮 HP[-4]
You take 4 damage, and now have 35/53 hp.
You feel sick. "Fight to survive, mortal." 😮 HP[-1]
You take 1 damage, and now have 34/53 hp.
Okay, then.
Okay, then.
You aren't carrying any items that you can evoke.
Unknown command.
You feel sick.
The orc shouts! x2; The orc priest shouts! x2
The water moccasin closely misses you. The goblin barely misses you.
You feel sick.
You are no longer poisoned.
The water moccasin bites you.
You are poisoned.
The water moccasin poisons you!
The kobold hits you with a +0 short sword.
The orc priest hits you with a +0 war axe.
The orc priest hits you with a +2 flail of holy wrath!
You feel threatened and lose the ability to read scrolls!
* * * LOW HITPOINT WARNING * * *
😨 HP[-13]
You take 13 damage, and now have 21/53 hp.
MASSIVE DAMAGE!! (PAUSE) Unknown command.
Unknown command.
You feel very sick.
The goblin enters a dispersal trap!
The orc wizard blinks!
The water moccasin blinks!
The adder blinks!
The endoplasm blinks!
The orc blinks!
The kobold blinks!
The orc priest blinks!
The adder blinks!
The orc priest blinks!
The goblin blinks!
The adder blinks!
The orc blinks! x2
The adder blinks!
The kobold blinks!
The adder blinks!
The endoplasm blinks!
You blink.
The goblin blinks!
The ball python bites you.
* * * LOW HITPOINT WARNING * * *
The orc priest looks braver for a moment. 😨 HP[-4]
You take 4 damage, and now have 17/53 hp.
Unknown command.
Unknown command.
Unknown command.
Okay, then.
You hit the orc.
You feel sick. The ball python bites you.
* * * LOW HITPOINT WARNING * * *
You emit a cloud of colourful smoke!
The water moccasin bites you.
* * * LOW HITPOINT WARNING * * *
You are lethally poisoned!
The water moccasin poisons you! 😱 HP[-6]
You take 6 damage, and now have 11/53 hp.
Unknown command.
Unknown command.
Unknown command.
Unknown command.
You puncture the orc!
You kill the orc!
The orc's corpse disappears in a puff of smoke!
* * * LOW HITPOINT WARNING * * *
You feel very sick. The adder bites you.
* * * LOW HITPOINT WARNING * * *
The orc hits you with a +0 short sword.
* * * LOW HITPOINT WARNING * * *
The orc priest begins to cast a cantrip, but forgets the words!
The ball python bites you but does no damage.
The water moccasin bites you.
You die...

Skill      XL: |  1  2  3  4 |
---------------+-------------+-----
Fighting       | 5 6 7 |  7.0
Spellcasting   | 3 |  3.0
Maces & Flails | |  2.6
Dodging        | |  2.1
Necromancy     | |  0.5

Action                   |  1- 3 |  4- 6 || total
-------------------------+-------+-------++-------
Melee: Mace              |   104 |       ||   104
       Dagger            |    40 |   154 ||   194
       Punch             |     1 |     1 ||     2
  Use: Scroll            |     1 |     7 ||     8
       Potion            |     1 |     2 ||     3
 Stab: Sleeping          |     1 |       ||     1
       Confused          |       |     4 ||     4
Armor: Robe              |    79 |    48 ||   127
Dodge: Dodged            |    84 |    64 ||   148

Levels and vault maps discovered:
D:1:      heliophobic_arrival_ceremonial_halls, layout_basic,
          shapermc_ecumenical_altar_ellora, minivault_26, serial_bayou_lake_a
D:2:      layout_loops_corners, kennysheep_generic_room_8
D:3:      layout_basic, old_standard_altar, ebering_ghost_reflecting_pool,
          portal_sewer_entry_e, minmay_stone_trees_small, dk_noncrumbling_3,
          chequers_avenue, uniq_natasha
D:4:      layout_rooms

Notes
Turn   | Place    | Note
-------+----------+-------------------------------------------
     0 | D:1      | spaghetti the Ogre Chaos Knight began the quest for the
                  | Orb.
     0 | D:1      | Reached XP level 1. HP: 24/24 MP: 1/1
     0 | D:1      | magus.rc [v1.9.6]
    95 | D:1      | XOM: silly message
   228 | D:1      | XOM: silly message
   298 | D:1      | Reached XP level 2. HP: 28/33 MP: 2/2
   308 | D:1      | XOM: silly message
   317 | D:1      | Reached skill level 5 in Fighting
   520 | D:1      | XOM: divination: detect items
   521 | D:1      | magus.rc [v1.9.6]
   553 | D:1      | Reached XP level 3. HP: 38/42 MP: 3/3
   700 | D:1      | XOM: divination: detect creatures
  1068 | D:1      | XOM: summons 3 friendly demons
  1198 | D:1      | Reached skill level 6 in Fighting
  1213 | D:1      | Found a faded altar of an unknown god.
  1223 | D:1      | XOM: silly message
  1663 | D:2      | Reached XP level 4. HP: 41/53 MP: 4/4
  2015 | D:2      | XOM: 2-stop teleportation journey
  2102 | D:2      | You pick up a book of Death and begin reading...
  2102 | D:2      | You add the spells Animate Dead, Haunt and Infestation to
                  | your library.
  2108 | D:2      | XOM: 1-stop teleportation journey
  2544 | D:3      | XOM: blink monster(s)
  2646 | D:2      | XOM: summons 2 hostile demons
  2804 | D:2      | Reached skill level 7 in Fighting
  2810 | D:3      | XOM: polymorph orc -> gnoll
  2824 | D:3      | HP: 12/55 [gnoll/+0 trident (3)]
  2890 | D:2      | XOM: give mutations
  2890 | D:2      | Gained mutation: You sometimes lose the ability to read
                  | scrolls when taking damage. [Xom's mischief]
  2890 | D:2      | Gained mutation: Your body sometimes deteriorates upon
                  | taking damage. [Xom's mischief]
  3142 | D:3      | Noticed Natasha
  3166 | D:4      | Noticed a phantom
  3166 | D:4      | XOM: confusion (+ monsters)
  3178 | D:4      | XOM: noise
  3192 | D:4      | Killed a phantom
  3193 | D:4      | Reached skill level 3 in Spellcasting
  3193 | D:4      | Reached XP level 5. HP: 39/62 MP: 4/9
  3198 | D:4      | XOM: 1-stop teleportation journey
  3204 | D:4      | Learned a level 4 spell: Animate Dead
  3389 | D:4      | Noticed a phantom
  3442 | D:4      | XOM: summons 4 hostile shadow creatures
  3461 | D:4      | XOM: draining
  3466 | D:4      | XOM: summons 3 hostile shadow creatures
  3467 | D:4      | Noticed a water moccasin
  3470 | D:4      | XOM: smoke on damage
  3470 | D:4      | HP: 11/53 [water moccasin[Xom] (3)]
  3471 | D:4      | HP: 3/53 [adder[Xom] (4)]
  3471 | D:4      | Slain by a water moccasin

Vanquished Creatures
  A phantom (D:4)
  4 adders
  2 worms (D:2)
  A dart slug (D:1)
  2 orcs (D:2)
  5 ball pythons
  8 bats
  An endoplasm (D:1)
  A giant cockroach (D:1)
  5 goblins
  8 hobgoblins
  10 jackals (D:1)
  3 kobolds (D:1)
  A quokka (D:4)
  5 frilled lizards
  A rat (D:1)
58 creatures vanquished.

Vanquished Creatures (collateral kills)
  An endoplasm (D:1)
  A hobgoblin (D:1)
2 creatures vanquished.

Vanquished Creatures (others)
  A plant (D:1)
1 creature vanquished.

Grand Total: 61 creatures vanquished

Table legend:
 A = Non-vault XP
 B = Vault XP
 C = Vault XP percentage of total XP
 D = Non-vault monster count
 E = Vault monster count
 F = Vault count percentage of total count
                 A         B        C        D         E       F
            +---------+---------+-------+---------+---------+-------
      Total |     265 |       0 |   0.0 |      60 |       0 |   0.0
            +---------+---------+-------+---------+---------+-------
        D:1 |      63 |       0 |   0.0 |      35 |       0 |   0.0
        D:2 |      82 |       0 |   0.0 |      22 |       0 |   0.0
        D:4 |     120 |       0 |   0.0 |       3 |       0 |   0.0
            +---------+---------+-------+---------+---------+-------

Illustrated notes

Table legend:
 A = Kills in this place as a percentage of kills in entire the game.
 B = Kills by you in this place as a percentage of kills by you in the entire game.
 C = Kills by friends in this place as a percentage of kills by friends in the entire game.
 D = Other kills in this place as a percentage of other kills in the entire game.
 E = Experience gained in this place as a percentage of experience gained in the entire game.
 F = Experience gained in this place divided by the number of levels of this place that you have seen.
                   A       B       C       D       E      F
               +-------+-------+-------+-------+-------+----------------------
         Total | 100.0 | 100.0 | 100.0 |   N/A | 100.0 |  66.2
       Dungeon | 100.0 | 100.0 | 100.0 |   N/A | 100.0 |  66.2
               +-------+-------+-------+-------+-------+----------------------

Table legend: (Time is in decaauts)
 A = Elapsed time spent in this place.
 B = Non-inter-level travel time spent in this place.
 C = Inter-level travel time spent in this place.
 D = Time resting spent in this place.
 E = Time spent auto-exploring this place.
 F = Levels seen in this place.
 G = Mean time per level.
                   A        B        C        D        E       F      G
               +--------+--------+--------+--------+--------+-----+--------+
         Total |   3451 |   3380 |     71 |    639 |   2172 |   4 |  862.8 |
       Dungeon |   3451 |   3380 |     71 |    639 |   2172 |   4 |  862.8 |
               +--------+--------+--------+--------+--------+-----+--------+

Top non-repeatable levels by time:
     D:2: 1588 daAuts
     D:1: 1463 daAuts
     D:4: 289 daAuts
     D:3: 110 daAuts
